 Dungeon Crawl Stone Soup version 0.21-a0-228-g14ccbf3 (webtiles) character file.

64 Spazmo the Conjurer (level 3, -2/19 HPs)
             Began as a Deep Elf Conjurer on Aug 31, 2017.
             Was an Initiate of Vehumet.
             Slain by an orc
             ... wielding a +0 mace
              (8 damage)
             ... on level 3 of the Dungeon.
             The game lasted 00:04:29 (1778 turns).

Spazmo the Conjurer (Deep Elf Conjurer)             Turns: 1778, Time: 00:04:30

Health: -2/19      AC:  2    Str:  5    XL:     3   Next: 91%
Magic:  7/10       EV: 13    Int: 20    God:    Vehumet [......]
Gold:   87         SH:  0    Dex: 15    Spells: 7/10 levels left

rFire    . . .     SeeInvis .   m - -3 whip (curse)
rCold    . . .     Gourm    .   (no shield)
rNeg     . . .     Faith    .   a - +0 robe
rPois    .         Spirit   .   (no helmet)
rElec    .         Reflect  .   (no cloak)
rCorr    .         Harm     .   (no gloves)
MR       .....                  (no boots)
Stlth    ++........             (no amulet)
HPRegen  0.06/turn              (no ring)
MPRegen  0.12/turn              (no ring)

@: no status effects
A: no striking features
a: Renounce Religion


You were on level 3 of the Dungeon.
You worshipped Vehumet.
Vehumet was noncommittal.
You were not hungry.

You visited 1 branch of the dungeon, and saw 3 of its levels.

You collected 87 gold pieces.

Inventory:

Hand Weapons
 e - a +0 dagger
 m - a cursed -3 whip (weapon)
 s - a +5 dagger
Missiles
 i - 41 stones (quivered)
Armour
 a - a +0 robe (worn)
Scrolls
 h - a scroll of identify
Potions
 d - a potion of magic
 g - a potion of curing {unknown}
 l - a potion of mutation {unknown}
 n - a potion of degeneration {unknown}
 t - a potion of brilliance {unknown}
Books
 b - a book of Conjurations

   Spells                             Type                      Level
   a - Magic Dart                     Conjuration                  1
   b - Searing Ray                    Conjuration                  2
   c - Dazzling Spray                 Conjuration/Hexes            3
   d - Fulminant Prism                Conjuration/Hexes            4
   e - Force Lance                    Conjuration/Translocation    4
   f - Iskenderun's Mystic Blast      Conjuration                  4
Comestibles
 c - 3 bread rations
 f - a royal jelly
 j - a chunk of flesh
 o - a meat ration


   Skills:
 + Level 3.3 Dodging
 - Level 3.0 Stealth
 * Level 4.0 Spellcasting
 * Level 4.9 Conjurations


You had 7 spell levels left.
You knew the following spells:

 Your Spells              Type           Power        Failure   Level  Hunger
a - Magic Dart            Conj           ###.         1%          1    None
b - Searing Ray           Conj           ###...       2%          2    #......


Dungeon Overview and Level Annotations

Branches:
Dungeon (3/15)

Altars:
Ashenzari
Gozag
Makhleb
Trog
Vehumet

Annotations:
D:2 Terence


Message History

The orc wizard is severely wounded.
The orc wizard points at you and mumbles some strange words.
You are confused.
You're too confused to cast spells.
You're too confused!
Unknown command.
The orc wizard gestures at you while chanting.
You are more confused.
The orc wizard casts a spell at you. The puff of flame hits you!
The orc wizard gestures wildly while chanting.
The orc wizard flickers and vanishes!
Deactivating autopickup; reactivate with Ctrl-A.
The orc hits you with a mace. Something barely misses you.
You completely miss something.
You feel less confused. The orc hits you with a mace.
Something barely misses you. The orc hits you with a mace!
You die...

... #.# #.#
#.# ##'##
##.o.##
##..o{.##
##....o..##
#.....@...#
+......<..+
#.........#
##.......##
##.....##
##...##
##+##


You could see 3 orcs.

Vanquished Creatures
  An adder (D:2)
  An ooze (D:1)
  A worm (D:2)
  2 leopard geckos
  8 bats
  5 giant cockroaches
  3 goblins
  6 hobgoblins
  4 jackals (D:1)
  A quokka (D:2)
  3 frilled lizards
  3 kobolds (D:1)
  5 rats
43 creatures vanquished.

Notes
Turn   | Place    | Note
-------+----------+-------------------------------------------
     0 | D:1      | Spazmo the Deep Elf Conjurer began the quest for the Orb.
     0 | D:1      | Reached XP level 1. HP: 10/10 MP: 6/6
   162 | D:1      | Reached XP level 2. HP: 15/15 MP: 6/8
   166 | D:1      | Learned a level 2 spell: Searing Ray
   490 | D:1      | Reached XP level 3. HP: 19/19 MP: 6/9
  1095 | D:2      | Found a shattered altar of Ashenzari.
  1098 | D:2      | Found a bloodstained altar of Trog.
  1101 | D:2      | Found a burning altar of Makhleb.
  1104 | D:2      | Found an opulent altar of Gozag.
  1307 | D:2      | Noticed Terence
  1639 | D:2      | Found a radiant altar of Vehumet.
  1643 | D:2      | Became a worshipper of Vehumet
  1778 | D:3      | Slain by an orc

Vault maps used:
D:1:      dpeg_arrival_short_road, lemuel_another_geyser
D:2:      marbit_many_paths, grunt_temple_overflow_cloverleaf, uniq_terence
D:3:      okawaru_ov_weapons_minmay, first_bread

Skill      XL: |  1  2  3 |
---------------+----------+-----
Dodging        | 3 |  3.3
Stealth        | 3 |  3.0
Spellcasting   | 4 |  4.0
Conjurations   | |  4.9

Action                   || total
-------------------------++-------
Melee: Whip              ||     2
       Dagger            ||     1
 Cast: Magic Dart        ||    78
       Searing Ray       ||     1
  Use: Scroll            ||     5
  Eat: Chunk             ||     2
Dodge: Dodged            ||    11

Table legend:
 A = Spawn XP
 B = Non-spawn XP
 C = Spawn XP percentage of total XP
 D = Spawn monster count
 E = Non-spawn monster count
 F = Spawn count percentage of total count
 G = Total turns spent on level
                    A         B        C        D         E        F      G
               +---------+---------+-------+---------+---------+-------+---------
         Total |       5 |      87 |   5.4 |       2 |      41 |   4.7 |  1778
               +---------+---------+-------+---------+---------+-------+---------
           D:1 |       2 |      52 |   3.7 |       1 |      28 |   3.4 |   835
           D:2 |       3 |      31 |   8.8 |       1 |      11 |   8.3 |   872
           D:3 |       0 |       4 |   0.0 |       0 |       2 |   0.0 |    71
               +---------+---------+-------+---------+---------+-------+---------
